 Dungeon Crawl Stone Soup version 0.21-a0-531-gacddea6 (webtiles) character file.

245 slep the Chopper (level 6, -2/32 HPs)
             Began as a Vine Stalker Gladiator on Dec 13, 2017.
             Slain by AverageBear's ghost (8 damage)
             ... on level 3 of the Dungeon.
             The game lasted 00:05:54 (1647 turns).

slep the Chopper (Vine Stalker Gladiator)           Turns: 1647, Time: 00:05:55

Health: -2/32      AC:  6    Str: 17    XL:     6   Next: 10%
Magic:  0/7        EV: 12    Int:  8    God:
Gold:   144        SH:  0    Dex: 17    Spells: 5/5 levels left

rFire    . . .     SeeInvis .   a - +0 war axe
rCold    . . .     Gourm    .   (no shield)
rNeg     . . .     Faith    .   e - +0 ring mail
rPois    .         Spirit   +   c - +0 helmet
rElec    .         Reflect  .   B - scarf {cloud immunity}
rCorr    .         Harm     .   (no gloves)
MR       .....                  (no boots)
Stlth    +.........             (no amulet)
HPRegen  0.50/turn              (no ring)
MPRegen  0.10/turn              (no ring)

@: no status effects
A: fangs 2, regeneration 1, magic shield, antimagic bite, no potion heal 3, rot
immunity
a: no special abilities


You were on level 3 of the Dungeon.
You were not hungry.

You visited 1 branch of the dungeon, and saw 3 of its levels.

You collected 144 gold pieces.

Inventory:

Hand Weapons
 a - a +0 war axe (weapon)
Missiles
 d - 3 throwing nets (quivered)
Armour
 b - a +0 leather armour
 c - a +0 helmet (worn)
 e - a +0 ring mail (worn)
 B - a scarf of cloud immunity (worn)
Jewellery
 i - a +4 ring of dexterity {unknown}
 l - an uncursed ring of poison resistance {unknown}
 v - a cursed -4 ring of dexterity {unknown}
Scrolls
 k - a scroll of remove curse {unknown}
 n - 2 scrolls of immolation {unknown}
 p - 2 scrolls of identify {unknown}
 q - a scroll of noise {unknown}
 s - 2 scrolls of teleportation {unknown}
 y - a scroll of magic mapping {unknown}
 A - a scroll of amnesia {unknown}
Potions
 h - a potion of haste {unknown}
 j - a potion of brilliance {unknown}
 o - a potion of agility {unknown}
 r - a potion of cancellation {unknown}
 t - a potion of curing {unknown}
 u - a potion of magic {unknown}
 w - a potion of degeneration {unknown}
 x - a potion of flight {unknown}
Comestibles
 f - 3 bread rations
 g - 2 royal jellies
 m - a meat ration
 z - 2 chunks of flesh


   Skills:
 + Level 2.5 Fighting
 + Level 4.7 Axes
 + Level 2.0 Throwing
 + Level 1.5 Armour
 + Level 3.0 Dodging
 + Level 0.1 Stealth


You had 5 spell levels left.
You didn't know any spells.

Dungeon Overview and Level Annotations

Branches:
Dungeon (3/15)

Altars:
Dithmenos

Annotations:
D:3 AverageBear's ghost, amateur DEFi


Innate Abilities, Weirdness & Mutations

You have extremely sharp teeth.
Your natural rate of healing is unusually fast.
When hurt, damage is shared between your health and your magic reserves.
Your bite disrupts and absorbs the magic of your enemies.
Potions cannot restore your health.
You are immune to rotting.


Message History

AverageBear's ghost is moderately damaged.
AverageBear's ghost barely misses you.
AverageBear's ghost hits you but does no damage.
You slash AverageBear's ghost! Your bite misses AverageBear's ghost.
AverageBear's ghost is severely damaged.
AverageBear's ghost hits you!
* * * LOW HITPOINT WARNING * * *
You hit AverageBear's ghost but do no damage.
Your bite misses AverageBear's ghost.
AverageBear's ghost is severely damaged.
AverageBear's ghost barely misses you.
You barely miss AverageBear's ghost.
You bite AverageBear's ghost, but do no damage.
AverageBear's ghost is severely damaged.
AverageBear's ghost hits you.
* * * LOW HITPOINT WARNING * * *
You slash AverageBear's ghost!
AverageBear's ghost is almost destroyed.
AverageBear's ghost hits you!
You die...

##..:.....##
#..........#
#.........[#
#..........# #####
##..........# ##...##
#.......%...# ##.....#
#.#...W....# #......#
#'# #..@...## #.....##
♣.♣ ##......# #.....#
♣.♣ #......#
##....#♣♣♣.♣♣♣#......#
##....'...♣...'......#
#.....#♣♣♣.♣♣♣#.........
#.....# ♣.♣ #.........
#.....## ♣.♣ #....####.
##.....# #'# ######


You could see AverageBear's ghost.

Vanquished Creatures
  A hound (D:3)
  Natasha (twice) (D:3)
  8 gnolls (D:2)
  An adder (D:2)
  4 worms
  2 dart slugs (D:1)
  A leopard gecko (D:1)
  6 bats
  2 giant cockroaches
  6 goblins
  2 hobgoblins
  8 jackals
  5 quokkas
  6 frilled lizards
  4 kobolds
  8 rats
66 creatures vanquished.

Notes
Turn   | Place    | Note
-------+----------+-------------------------------------------
     0 | D:1      | slep the Vine Stalker Gladiator began the quest for the Orb.
     0 | D:1      | Reached XP level 1. HP: 11/11 MP: 2/2
   100 | D:1      | Reached XP level 2. HP: 12/15 MP: 3/3
   235 | D:1      | Reached skill level 3 in Axes
   634 | D:2      | Reached XP level 3. HP: 16/18 MP: 4/4
  1056 | D:2      | Found a shadowy altar of Dithmenos.
  1083 | D:2      | Gained mutation: Your natural rate of healing is unusually fast. [Vine Stalker growth]
  1083 | D:2      | Reached XP level 4. HP: 19/23 MP: 5/5
  1152 | D:2      | Reached skill level 4 in Axes
  1378 | D:2      | Reached skill level 1 in Armour
  1378 | D:2      | Reached XP level 5. HP: 24/27 MP: 4/6
  1435 | D:3      | Noticed Natasha
  1443 | D:3      | Killed Natasha
  1506 | D:3      | Noticed Natasha
  1514 | D:3      | Killed Natasha
  1630 | D:3      | Noticed AverageBear's ghost (amateur DEFi)
  1639 | D:3      | Reached XP level 6. HP: 26/32 MP: 7/7
  1647 | D:3      | Slain by AverageBear's ghost

Vault maps used:
D:1:      scummos_arrival_star
D:2:      nicolae_dithmenos_shadow_blocks
D:3:      first_bread, kennysheep_flooded_box, uniq_terence, uniq_natasha

Skill      XL: |  1  2  3  4  5 |
---------------+----------------+-----
Axes           | 3 4 |  4.7
Throwing       | 2 |  2.0
Fighting       | 2 |  2.5
Armour         | 1 |  1.5
Dodging        | 3 |  3.0
Stealth        | |  0.1

Action                   |  1- 3 |  4- 6 || total
-------------------------+-------+-------++-------
Melee: War axe           |    70 |    93 ||   163
       Bite              |    12 |    34 ||    46
  Eat: Chunk             |     1 |     2 ||     3
Armor: Ring mail         |    33 |    25 ||    58
Dodge: Dodged            |    58 |    79 ||   137

Table legend:
 A = Spawn XP
 B = Non-spawn XP
 C = Spawn XP percentage of total XP
 D = Spawn monster count
 E = Non-spawn monster count
 F = Spawn count percentage of total count
 G = Total turns spent on level
                    A         B        C        D         E        F      G
               +---------+---------+-------+---------+---------+-------+---------
         Total |       0 |     350 |   0.0 |       0 |      66 |   0.0 |  1647
               +---------+---------+-------+---------+---------+-------+---------
           D:1 |       0 |      31 |   0.0 |       0 |      17 |   0.0 |   630
           D:2 |       0 |     170 |   0.0 |       0 |      31 |   0.0 |   805
           D:3 |       0 |     149 |   0.0 |       0 |      18 |   0.0 |   212
               +---------+---------+-------+---------+---------+-------+---------
